 Dungeon Crawl Stone Soup version 0.29.1-15-g9cfb28693d (webtiles) character file.

Game seed: 3445507474960543614

154 Descartes the Ducker (level 5, 0/24 HPs)
             Began as a Felid Monk on Feb 25, 2023.
             Slain by an orc
             ... wielding a +0 war axe
              (6 damage)
             ... on level 5 of the Dungeon.
             The game lasted 00:04:16 (4359 turns).

Descartes the Ducker (Felid Monk)                   Turns: 4359, Time: 00:04:17

Health: 0/24       AC:  1    Str:  9    XL:     5   Next: 13%
Magic:  6/6        EV: 20    Int: 12    God:
Gold:   196        SH:  0    Dex: 18    Spells: 4/4 levels left
                                        Lives:  0   Deaths: 1

rFire   . . .      SeeInvis +     - Unarmed
rCold   . . .      Faith    .   (shield unavailable)
rNeg    . . .      Spirit   .   (body armour unavailable)
rPois   .          Reflect  .   (helmet unavailable)
rElec   .          Harm     .   (cloak unavailable)
rCorr   .          Rampage  .   (gloves unavailable)
Will    .....                   (boots unavailable)
Stlth   +++.......              (no amulet)
HPRegen 0.08/turn               (no ring)
MPRegen 0.10/turn               (no ring)

@: quick
A: very small, claws 1, fangs 3, see invisible, speed 1, shaggy fur 1, stealthy
paws, no weapons or thrown items, no armour, multi-lived
a: no special abilities


You were on level 5 of the Dungeon.
You visited 1 branch of the dungeon, and saw 5 of its levels.

You collected 196 gold pieces.

Inventory:

Wands
 f - a wand of light (8)
Scrolls
 b - a scroll of teleportation {unknown}
 c - 5 scrolls of identify {unknown}
 e - a scroll of butterflies {unknown}
 k - a scroll of immolation {unknown}
 n - a scroll of fear {unknown}
 o - a scroll of brand weapon {unknown}
Potions
 a - a potion of ambrosia
 d - 3 potions of attraction {unknown}
 g - a potion of curing {unknown}
 h - a potion of cancellation {unknown}
 i - a potion of lignification {unknown}
 j - a potion of flight {unknown}
 l - a potion of might {unknown}
 m - 3 potions of degeneration {unknown}


   Skills:
 + Level 3.6 Fighting
 * Level 5.6 Dodging
 * Level 5.0 Stealth
 * Level 4.2 Unarmed Combat
 + Level 2.0 Hexes


You had 4 spell levels left.
You didn't know any spells.
Your spell library contained the following spells:

 Spells                   Type           Power      Damage    Failure   Level
 Sandblast                Erth           0%         2d4       32%         1
 Blink                    Tloc           0%         N/A       45%         2
 Passwall                 Tmut/Erth      0%         N/A       45%         2
 Inner Flame              Hex/Fire       2%         N/A       54%         3
 Lesser Beckoning         Tloc           0%         N/A       69%         3
 Stone Arrow              Conj/Erth      0%         3d7       69%         3
 Cause Fear               Hex            2%         N/A       82%         4
 Manifold Assault         Tloc           0%         N/A       100%        5
 Discord                  Hex            2%         N/A       100%        8


Dungeon Overview and Level Annotations

Branches:
Dungeon (5/15)
 Temple: D:4-7

Altars:
Ashenzari
Ru


Innate Abilities, Weirdness & Mutations

You have sharp claws.
You have razor-sharp teeth.
You have supernaturally acute eyesight. (SInv)
You cover ground quickly. (Speed+)
You are covered in fur. (AC +1)
Your paws help you pounce on unaware monsters.
You are incapable of wielding weapons or throwing items.
You cannot wear armour.
You gain extra lives every three experience levels.


Message History

The centaur misses you. x3; The centaur barely misses you.
You barely miss the centaur. You bite the centaur, but do no damage.
The centaur is moderately wounded.
The centaur barely misses you. The centaur misses you.
You closely miss the centaur.
The centaur is moderately wounded.
The centaur completely misses you. The centaur misses you.
An orc comes into view. It is wielding a +0 war axe.
You scratch the centaur. You bite the centaur.
The centaur is moderately wounded.
The centaur barely misses you. The centaur closely misses you.
The centaur hits you. The centaur closely misses you.
You scratch the centaur but do no damage.
The centaur is moderately wounded.
The centaur hits you. The centaur completely misses you.
An orc wizard comes into view. It is wielding a +0 dagger.
You scratch the centaur but do no damage.
The centaur is moderately wounded.
The centaur hits you. The centaur misses you. The orc misses you.
You are too injured to fight recklessly!
You are too injured to fight recklessly!
You are too injured to fight recklessly!
You are too injured to fight recklessly!
You are too injured to fight recklessly!
You are too injured to fight recklessly!
You are too injured to fight recklessly!
You scratch the centaur. Your bite misses the centaur.
The centaur is heavily wounded.
The centaur completely misses you. The centaur kicks you.
* * * LOW HITPOINT WARNING * * *
The centaur completely misses you. The centaur misses you.
You completely miss the centaur.
The centaur is heavily wounded.
The centaur barely misses you. The centaur misses you.
Unknown command.
You barely miss the centaur. Your claw misses the centaur.
The centaur is heavily wounded.
The centaur barely misses you. The centaur completely misses you.
The orc hits you with a +0 war axe.
You die...

#..####.##.........
#....##.##......#.#
#.##.# .##.>....#.#
#....##.##......#.#
#.......##........#
##.#######......###
#.# ######## #.#
#@# #...co.#
#.##.#.# # #.....
### ### .. #.# # #
# .


You could see a centaur and an orc.

Vanquished Creatures
  A necrophage (D:5)
  A hound (D:4)
  2 orc wizards (D:5)
  4 adders
  3 worms
  2 dart slugs (D:1)
  3 orcs (D:4)
  5 ball pythons
  5 endoplasms
  2 giant cockroaches
  3 goblins
  6 hobgoblins
  2 jackals (D:2)
  4 kobolds
  6 bats
  2 frilled lizards
  3 rats
54 creatures vanquished.

Notes
Turn   | Place    | Note
-------+----------+-------------------------------------------
     0 | D:1      | Descartes the Felid Monk began the quest for the Orb.
     0 | D:1      | Reached XP level 1. HP: 10/10 MP: 2/2
   235 | D:1      | Reached XP level 2. HP: 10/14 MP: 3/3
  1258 | D:2      | Reached XP level 3. HP: 15/17 MP: 4/4
  1979 | D:3      | Found a faded altar of an unknown god.
  2096 | D:3      | You fall into a shaft and drop 2 floors!
  2096 | D:5      | Entered Level 5 of the Dungeon
  2378 | D:4      | Reached XP level 4. HP: 17/21 MP: 5/5
  2512 | D:4      | Found a sacrificial altar of Ru.
  2640 | D:3      | Found a broken altar of Ashenzari.
  2887 | D:3      | Reached skill level 5 in Dodging
  3557 | D:4      | Reached skill level 1 in Hexes
  3669 | D:4      | Identified the +0 pair of boots "Roin" {rC- rN++ Int+3}
  3883 | D:5      | Noticed a +0 falchion
  3884 | D:5      | Noticed a +0 spear
  3885 | D:5      | Noticed a +0 dagger
  3885 | D:5      | Noticed a +0 spear
  3885 | D:5      | Noticed a +0 short sword
  3885 | D:5      | Noticed a +0 falchion
  3885 | D:5      | Noticed a +0 short sword
  3885 | D:5      | Noticed a necrophage
  3886 | D:5      | Noticed a +0 dagger
  3892 | D:5      | Reached XP level 5. HP: 24/24 MP: 6/6
  3944 | D:5      | Noticed a centaur
  3948 | D:5      | Slain by an orc
  3949 | D:5      | Reached XP level 4. HP: 0/17 MP: 5/5
  4173 | D:5      | Killed a necrophage
  4174 | D:5      | Reached skill level 5 in Stealth
  4174 | D:5      | Reached XP level 5. HP: 15/24 MP: 6/6
  4359 | D:5      | Slain by an orc

Illustrated notes

Levels and vault maps discovered:
D:1:      dpeg_arrival_signposts, layout_basic, serial_glass, glass_columns_b,
          glass_columns_a, glass_columns_b, glass_columns_a, glass_columns_b,
          glass_columns_c, glass_columns_a, glass_columns_c,
          grunt_decor_resistance, nrook_campfire
D:2:      layout_loops_ring
D:3:      layout_loops_ring, mainiacjoe_overflow_six_doors_small,
          ebering_ecumenical_altar_rust
D:4:      layout_basic, lemuel_tele_altar
D:5:      layout_loops_cross, nicolae_uskayaw_en_pointe

Skill      XL: |  1  2  3  4 |
---------------+-------------+-----
Stealth        | 3 5 |  5.0
Dodging        | 5 |  5.6
Hexes          | 2 |  2.0
Unarmed Combat | 4 |  4.2
Fighting       | |  3.6

Action                   |  1- 3 |  4- 6 || total
-------------------------+-------+-------++-------
Melee: Unarmed           |   100 |   100 ||   200
       Bite              |     9 |    15 ||    24
       Punch             |     2 |     2 ||     4
 Stab: Sleeping          |     8 |     8 ||    16
Armor: Skin              |     3 |     5 ||     8
Dodge: Dodged            |    70 |    72 ||   142
